 Dungeon Crawl Stone Soup version 0.32-a0-42-ga30500b4d3 (webtiles) character file.

Game seed: 8032012682685560215

166489 Angani the Hermetic (level 18, 136/136 HPs)
             Began as a Djinni Necromancer on Nov 21, 2023.
             Was the Champion of Lugonu.
             Quit the game on level 3 of the Snake Pit on Jan 29, 2024.
             The game lasted 01:43:58 (40333 turns).

Angani the Hermetic (Djinni Necromancer)           Turns: 40333, Time: 01:43:59

Health: 136/136    AC:  5    Str: 12    XL:     18   Next: 53%
Gold:   869        EV: 17    Int: 37    God:    Lugonu [******] SH: 18 Dex: 15

rFire   + + .        b - staff "Ynuotrir" {rElec Str+2 Int+4 Air}
rCold   . . .        u - +3 warlock's mirror {omnireflect}
rNeg    . . .        B - +2 robe {Will+}
rPois   ∞            J - +0 helmet
rElec   +            h - scarf of Mianu {repulsion, Str+3 Int+3 Slay+3}
rCorr   .            (no gloves)
SInv    .            (boots unavailable)
Will    ++...        z - brooch of Shielding {Spirit SH+8}
Stlth   ++           D - +6 ring of intelligence
HPRegen 0.42/turn    H - ring of protection from cold
MPRegen 0.00/turn

%: repel missiles, reflection, clarity, guardian spirit
@: flying
A: sickness immunity, fire resistance 2, cold vulnerability 1, float, innate
caster, HP casting, extra vitality 1, clarity, mutation resistance 1
a: Renounce Religion, Depart the Abyss, Banish, Corrupt, Enter the Abyss, Brand
Weapon With Distortion


You were on level 3 of the Snake Pit.
You worshipped Lugonu.
Lugonu was exalted by your worship.
You visited 5 branches of the dungeon, and saw 27 of its levels.
You also visited: Ossuary, Bailey and Gauntlet.

You collected 3495 gold pieces.
You spent 2626 gold pieces at shops.

Inventory:

Hand Weapons
 a - a +6 spectral demon whip
Missiles
 w - 10 curare-tipped darts
 E - 5 throwing nets
Armour
 h - the scarf of Mianu (worn) {repulsion, Str+3 Int+3 Slay+3}
   (You found it on level 4 of the Dungeon)

   Str+3:     It affects your strength (+3).
   Int+3:     It affects your intelligence (+3).
   Slay+3:    It affects your accuracy & damage with ranged weapons and melee
   (+3).
 p - the +5 Storm Queen's Shield {shock, Fly rElec}
   (You bought it in a shop on level 2 of the Orcish Mines)

   Shock:     When it blocks an attack, it may electrocute the attacker.
   This works even against foes who are a short distance away.
   rElec:     It insulates you from electricity.
   Fly:       It grants you flight.
 u - the +3 warlock's mirror (worn) {omnireflect}
   (You bought it in a shop on level 2 of the Orcish Mines)

   Omnireflect: It can block and reflect piercing ranged attacks and magical
   attacks against the wielder's willpower.
 B - a +2 robe of willpower (worn)
 J - a +0 helmet (worn)
Magical Staves
 b - the staff "Ynuotrir" (weapon) {rElec Str+2 Int+4 Air}
   (You acquired it on level 2 of the Orcish Mines)

   [staff of air]

   Base accuracy: +5 Base damage: 5 Base attack delay: 1.2 This weapon's minimum
   attack delay (0.6) is reached at skill level 12.
   Str+2:     It affects your strength (+2).
   Int+4:     It affects your intelligence (+4).
   rElec:     It insulates you from electricity.
   Air:       It increases the power of your Air spells.
   It falls into the 'Staves' category.
   It is a one-handed weapon.
Jewellery
 z - the brooch of Shielding (around neck) {Spirit SH+8}
   (You found it in a Gauntlet)

   [amulet of guardian spirit]

   Spirit:    It causes incoming damage to be divided between your reserves of
   health and magic.
   SH+8:      It affects your SH (+8).
 D - a +6 ring of intelligence (left hand)
 G - a ring of protection from cold
 H - a ring of protection from cold (right hand)
 L - a ring of protection from fire
 O - the ring "Wouprokega" {rElec rF++ Will- Dex+6 Stlth+}
   (You found it in a Gauntlet)

   [ring of dexterity]

   Dex+6:     It affects your dexterity (+6).
   rF++:      It greatly protects you from fire.
   rElec:     It insulates you from electricity.
   Will-:     It decreases your willpower.
   Stlth+:    It makes you more stealthy.
 X - a ring of resist corrosion
Wands
 f - a wand of digging (6)
 K - a wand of mindburst (26)
 P - a wand of flame (11)
 V - a wand of acid (14)
Scrolls
 d - a scroll of brand weapon
 i - 15 scrolls of teleportation
 l - 6 scrolls of noise
 m - 2 scrolls of butterflies
 n - 4 scrolls of fog
 C - a scroll of silence
 I - 5 scrolls of enchant armour
 M - 3 scrolls of immolation
 N - a scroll of enchant weapon
 Q - 2 scrolls of poison
 S - a scroll of torment
 U - 2 scrolls of revelation
 Z - a scroll of blinking
Potions
 c - 9 potions of cancellation
 e - 2 potions of resistance
 g - 3 potions of attraction
 j - 4 potions of haste
 k - 7 potions of mutation
 o - 3 potions of might
 q - a potion of invisibility
 r - 3 potions of ambrosia
 s - 8 potions of heal wounds
 t - 9 potions of curing
 v - 5 potions of lignification
 x - 4 potions of brilliance
 T - 2 potions of enlightenment
 W - a potion of berserk rage
Miscellaneous
 R - a lightning rod (4/4)
 Y - a phial of floods


   Skills:
 + Level 14.7 Fighting
 - Level 11.7(12.0) Maces & Flails
 - Level 4.1(9.2) Staves
 - Level 10.0 Dodging
 - Level 1.5 Stealth
 - Level 12.0 Shields
 + Level 12.9 Spellcasting
 + Level 12.9 Conjurations
 + Level 12.9 Hexes
 + Level 12.9 Summonings
 + Level 12.9 Necromancy
 + Level 12.9 Translocations
 + Level 12.9 Fire Magic
 + Level 12.9 Ice Magic
 + Level 12.9 Air Magic
 + Level 12.9 Earth Magic
 + Level 17.3 Alchemy
 - Level 10.0 Invocations
 - Level 7.0 Evocations


You knew the following spells:

 Your Spells              Type           Power      Damage    Failure   Level
a - Necrotise             Necr           100%       1d9       0%          1
b - Vampiric Draining     Necr           88%        2d12      1%          3
c - Animate Dead          Necr           88%        N/A       1%          4
d - Curse of Agony        Necr           88%        N/A       1%          5
e - Sting                 Conj/Alch      100%       1d9       0%          1
f - Jinxbite              Hex            100%       N/A       0%          2
g - Hailstorm             Conj/Ice       88%        3d14      1%          3
h - Gell's Gravitas       Tloc           88%        N/A       1%          3
i - Vhi's Electric Charg  Tloc/Air       100%       N/A       1%          4
j - Summon Forest         Summ/Tloc      44%        N/A       1%          5
k - Conjure Ball Lightni  Conj/Air       54%        3x3d20    1%          6
l - Haunt                 Necr/Summ      44%        N/A       9%          7
Your spell library was empty.

Dungeon Overview and Level Annotations

Branches:
Dungeon (15/15)            Temple (1/1) D:6            Lair (5/5) D:9
 Shoals (0/4) Lair:3        Snake (4/4) Lair:3        Slime (0/5) Lair:5
    Orc (2/2) D:12            Elf (0/3) Orc:2        Vaults (0/5) D:13
 Depths (0/4) D:15        Ossuary (visited)          Bailey (visited)
Gauntlet (visited)

Altars:
Ashenzari
Cheibriados
Dithmenos
Elyvilon
Fedhas
Gozag
Hepliaklqana
Makhleb
Nemelex Xobeh
Okawaru
Qazlal
Ru
Trog
Uskayaw
Wu Jian
Xom
Yredelemnul
Zin
The Shining One
Jiyva
Lugonu

Shops:
D:10 (   D:14 [   Orc:1 **   Orc:2 [:=:*

Annotations:
D:11 1 runed translucent door, BigAl98's ghost, journeyman TrSh
D:13 exclusion: downstairs
D:15 1 runed translucent door, BigAl98's ghost, journeyman TrSh


Innate Abilities, Weirdness & Mutations

You are immune to sickness and miasma.
You are immune to poison.
Your flesh is very heat resistant. (rF++)
You are vulnerable to cold. (rC-)
You float through the air rather than walking.
You learn spells naturally, not from books.
Your magical power is your life essence.
You have superior vitality. (+4 MHP)
You possess an exceptional clarity of mind.
You are somewhat resistant to further mutation.


Message History

Your wraith hits the salamander tyrant!
Unknown command.
The salamander shoots an arrow.
The arrow misses you.
A naga sharpshooter comes into view. It is wielding a +0 dire flail.
The naga mage spits poison at you.
Your +3 warlock's mirror {omnireflect} blocks the splash of poison... and reflects it back!
The splash of poison hits the naga mage.
Your wraith hits the salamander tyrant but does no damage.
Casting: Haunt (dangerous; 9% risk of failure)
Confirm with . or Enter, or press ? or * to list all spells.
Aiming: Haunt (dangerous; 9% risk of failure)
Press: ? - help, Dir - move target, f - naga mage, p - salamander tyrant
Aim: a naga mage, wielding a +0 halberd of venom (lightly wounded, fast, catching its breath)
You miscast Haunt.
You are very lightly contaminated with residual magic.
Nothing appears to happen.
The salamander tyrant hits your wraith!
Your wraith is engulfed in flames!!
Your wraith is destroyed!
Your wraith disappears in a puff of smoke!
Unknown command.
Unknown command.
The naga mage spits poison at you.
Your +3 warlock's mirror {omnireflect} blocks the splash of poison... and reflects it back!
The splash of poison hits the naga mage.
The naga mage completely resists.
The salamander tyrant gazes fiercely through you!
You feel as though you will be weak longer.
You fly upwards.
There is a stone staircase leading down here.
You start resting.
Your magical contamination has completely faded away.
You start resting.
Your attacks no longer feel as feeble.
You start resting.
HP restored.
Saving game... please wait.
Welcome back, Angani the Djinni Necromancer.
Lugonu says: Spread carnage and corruption!
Press ? for a list of commands and other information.
Are you sure you want to abandon this character and quit the game? (Confirm with "yes".)

............##...##..............
............#######..........###'
............#######.........####.
####'###....'....##.........##...
####.#########...##.........##...
.......#######...##.........##...
.......##...#######.........##...
.......##...#######.........##...
#########...##..@'..........##...
#########...##...##########'#####
.......##...##....#########.#####
.......<....##...........##...##.
)...........######.)[....##...##.
..........>.#######......##...##.
.........)..##...##......##...##.
.=.........)'..).')......##...##.
............##...##......##...##.


There were no monsters in sight!

Vanquished Creatures
  Jorgrun (Orc:1)
  Frances (D:14)
  Aizul (Snake:3)
  3 nagarajas
  A ghost moth (shapeshifter) (D:13)
  The ghost of Roekuen the Lord of Darkness, a journeyman DsGl of Kikubaaqudgha (Orc:1)
  A minotaur (Gauntlet)
  Harold (D:9)
  A salamander tyrant (Snake:2)
  4 hydras
  2 catoblepae
  6 anacondas
  3 centaur warriors (D:15)
  2 two-headed ogres (D:11)
  3 death yaks (Lair:4)
  A tengu warrior (D:15)
  A boulder beetle (D:14)
  3 naga warriors (Snake:3)
  Urug (D:11)
  A vampire mage (D:15)
  5 naga sharpshooters
  A storm dragon zombie (D:15)
  4 orc high priests (Orc:2)
  Amaemon (Lair:3)
  3 shock serpents (Snake:4)
  A skyshark (Lair:4)
  Lodul (D:11)
  11 skeletal warriors
  A spark wasp zombie (D:15)
  A deep elf archer (D:14)
  An arcanist (D:14)
  A necromancer (D:15)
  4 naga ritualists
  4 orc knights
  5 deep elf pyromancers
  18 ugly things
  A manticore (Lair:3)
  9 mana vipers
  5 cyclopes
  7 oklob plants (Lair:5)
  2 orc sorcerers
  13 salamanders
  3 elephants
  23 black mambas
  An elephant (shapeshifter) (D:15)
  2 guardian serpents
  9 naga magi
  18 cane toads
  Maurice (D:8)
  A rime drake (Lair:2)
  2 unseen horrors
  Jeremiah (D:8)
  A yaktaur (D:11)
  8 komodo dragons
  An ice devil (Lair:1)
  A tengu conjurer (D:15)
  4 trolls
  A tyrant leech (Lair:5)
  A nameless horror (Snake:1)
  4 polar bears
  A hornet (D:10)
  12 blink frogs
  4 shadows
  2 wraiths
  23 yaks
  2 vampires (D:12)
  A basilisk (D:9)
  3 wyverns
  4 hogs (Lair:3)
  A redback (shapeshifter) (D:13)
  14 vampire mosquitoes
  4 wargs
  4 acid dragons
  24 nagas
  17 water moccasins
  27 orc warriors
  A swamp drake (D:12)
  An ice beast (D:5)
  6 black bears
  11 ogres
  A boggart (D:11)
  14 centaurs
  11 wolves
  3 phantoms
  3 kobold brigands
  10 bullfrogs
  A gnoll sergeant (D:13)
  2 water moccasin zombies (Ossuary)
  2 scorpions
  2 wights (D:9)
  13 killer bees
  A howler monkey (D:8)
  An electric eel (Lair:5)
  3 jellies (Lair:5)
  18 orc priests
  A gnoll bouda (D:6)
  2 hounds (D:6)
  2 sleepcaps
  2 iguanas
  22 orc wizards
  2 mummies (Ossuary)
  12 gnolls
  9 adders
  A shadow imp (D:5)
  2 ufetubi (D:6)
  5 adder zombies (Ossuary)
  2 dart slugs
  71 orcs
  4 ball pythons
  2 bats
  9 endoplasms
  3 giant cockroaches
  11 goblins
  11 hobgoblins
  4 jackals
  3 quokkas
  5 frilled lizards
  4 gnoll zombies (Ossuary)
  8 hobgoblin zombies (Ossuary)
  14 kobolds
  4 kobold zombies (Ossuary)
  6 orc zombies
  9 rats
696 creatures vanquished.

Vanquished Creatures (collateral kills)
  Rupert (D:14)
  Kirke (Lair:3)
  Roxanne (D:14)
  A nagaraja (Snake:4)
  2 salamander tyrants
  A hydra (D:14)
  An anaconda (Snake:1)
  Fannar (Lair:3)
  2 boulder beetles
  A two-headed ogre (D:10)
  6 naga warriors (Snake:4)
  4 shock serpents
  A tengu warrior (D:14)
  5 naga sharpshooters
  Sonja (D:11)
  2 salamander mystics (Snake:4)
  A skeletal warrior (D:14)
  2 goliath frogs (Lair:5)
  2 naga ritualists
  An arcanist (D:13)
  A mana viper (Snake:1)
  6 ugly things
  A cyclops (D:11)
  A manticore (D:11)
  4 salamanders (Snake:4)
  10 black mambas
  3 elephants (Lair:3)
  A guardian serpent (Snake:4)
  5 cane toads
  5 naga magi
  An orange demon (Lair:3)
  An ice devil (Lair:1)
  3 komodo dragons
  A queen bee (shapeshifter) (D:13)
  A tyrant leech (Lair:5)
  2 polar bears (Lair:2)
  A wind drake (Lair:3)
  14 blink frogs
  A culicivora (shapeshifter) (D:13)
  16 yaks
  A wyvern (Lair:3)
  A wraith (D:12)
  A hog (Lair:3)
  7 vampire mosquitoes
  A basilisk (Lair:2)
  An acid dragon (D:11)
  10 nagas
  7 water moccasins
  9 orc warriors
  2 ogres (Orc:1)
  11 wolves
  3 centaurs (D:13)
  6 bullfrogs
  A wight (D:9)
  An electric eel (Lair:5)
  16 orc priests
  10 orc wizards
  2 gnolls (D:13)
  33 orcs
  2 goblins
  A quokka (D:1)
  A quokka zombie (D:4)
  A rat zombie (D:4)
  13 ball lightnings
256 creatures vanquished.

Vanquished Creatures (others)
  An unseen horror zombie (D:10)
  A human (Lair:3)
  A wight (D:9)
  6 yak zombies
  An orc wizard (Orc:2)
  3 killer bee zombies (D:9)
  A white imp (Gauntlet)
  9 orc zombies
  3 goblin zombies (D:10)
  203 ball lightnings
  21 snaplasher vines
  3 spectral weapons (D:14)
253 creatures vanquished.

Grand Total: 1205 creatures vanquished

Notes
Turn   | Place    | Note
-------+----------+-------------------------------------------
     0 | D:1      | Angani the Djinni Necromancer began the quest for the Orb.
     0 | D:1      | Angani set off with the following spells memorised:
                  | Necrotise, Vampiric Draining, Animate Dead, Agony.
     0 | D:1      | Reached XP level 1. HP: 15/15 MP: 0/0
   136 | D:1      | Reached XP level 2. HP: 21/22 MP: 0/0
   219 | D:1      | Reached skill level 1 in Fighting
   246 | D:1      | Found a faded altar of an unknown god.
   257 | D:1      | Prayed at the altar of an unknown god.
   257 | D:1      | Became a worshipper of Lugonu the Unformed
   257 | D:1      | Reached * piety under Lugonu
   381 | D:1      | Reached XP level 3. HP: 17/27 MP: 0/0
   381 | D:1      | Learned a level 1 spell: Sting
   868 | D:2      | Reached skill level 1 in Invocations
   926 | D:2      | Reached XP level 4. HP: 31/33 MP: 0/0
  1223 | D:2      | Reached ** piety under Lugonu
  1731 | D:3      | Reached XP level 5. HP: 36/39 MP: 0/0
  1731 | D:3      | Learned a level 2 spell: Jinxbite
  2127 | D:4      | Found an iron altar of Okawaru.
  2137 | D:4      | Identified the scarf of Mianu {repulsion, Str+3 Int+3
                  | Slay+3}
  2166 | D:4      | Reached skill level 4 in Alchemy
  2170 | D:4      | Noticed a black bear
  2179 | D:4      | Killed a black bear
  2180 | D:4      | Reached XP level 6. HP: 15/46 MP: 0/0
  2259 | D:4      | Found a sand-covered staircase.
  2266 | Ossuary  | Entered an ossuary
  2580 | Ossuary  | Reached XP level 7. HP: 42/51 MP: 0/0
  2580 | Ossuary  | Learned a level 3 spell: Hailstorm
  2632 | Ossuary  | Reached *** piety under Lugonu
  3990 | D:5      | Entered Level 5 of the Dungeon
  3990 | D:5      | Noticed a water moccasin
  3994 | D:5      | Killed a water moccasin
  4032 | D:5      | Reached XP level 8. HP: 42/58 MP: 0/0
  4151 | D:5      | Reached skill level 5 in Fighting
  4157 | D:5      | Reached **** piety under Lugonu
  4195 | D:5      | Reached skill level 5 in Invocations
  4209 | D:5      | Reached skill level 5 in Spellcasting
  4209 | D:5      | Reached skill level 5 in Conjurations
  4209 | D:5      | Reached skill level 5 in Hexes
  4209 | D:5      | Reached skill level 5 in Summonings
  4209 | D:5      | Reached skill level 5 in Necromancy
  4209 | D:5      | Reached skill level 5 in Translocations
  4209 | D:5      | Reached skill level 5 in Transmutations
  4209 | D:5      | Reached skill level 5 in Fire Magic
  4209 | D:5      | Reached skill level 5 in Ice Magic
  4209 | D:5      | Reached skill level 5 in Air Magic
  4209 | D:5      | Reached skill level 5 in Earth Magic
  4209 | D:5      | Reached skill level 5 in Alchemy
  4491 | D:5      | You are sucked into a shaft and drop 3 floors!
  4584 | D:6      | Identified the +5 morningstar "Cossaor" {heavy, rC+}
  4973 | D:6      | Reached XP level 9. HP: 55/66 MP: 0/0
  4973 | D:6      | Learned a level 3 spell: Gell's Gravitas
  5028 | D:6      | Found a staircase to the Ecumenical Temple.
  5193 | D:6      | HP: 3/67 [ufetubus (4)]
  5198 | Temple   | Entered the Ecumenical Temple
  7050 | D:8      | Reached skill level 6 in Alchemy
  7367 | D:8      | Noticed Jeremiah
  7379 | D:8      | Killed Jeremiah
  7380 | D:8      | Reached XP level 10. HP: 54/76 MP: 0/0
  7545 | D:8      | Noticed Maurice
  7555 | D:8      | Killed Maurice
  8510 | D:9      | Found a staircase to the Lair.
  8771 | D:9      | Reached skill level 7 in Alchemy
  8905 | D:9      | Noticed Harold
  8916 | D:9      | Killed Harold
  8917 | D:9      | Reached XP level 11. HP: 76/84 MP: 0/0
  8917 | D:9      | Learned a level 4 spell: Vhi's Electric Charge
  9499 | D:9      | Reached ***** piety under Lugonu
  9605 | D:10     | Entered Level 10 of the Dungeon
  9609 | D:10     | Reached skill level 10 in Fighting
  9611 | D:10     | Found a flagged portal.
  9624 | D:10     | Reached skill level 10 in Invocations
  9693 | Bailey   | Entered a bailey
  9910 | Bailey   | Noticed an orc knight
  9929 | Bailey   | Killed an orc knight
  9930 | Bailey   | Reached skill level 1 in Staves
  9954 | Bailey   | Noticed an orc knight
  9995 | Bailey   | Killed an orc knight
 10319 | D:10     | Found Oghobb's Weapon Boutique.
 10361 | D:10     | Reached skill level 8 in Alchemy
 10383 | D:10     | Noticed a two-headed ogre
 10393 | D:10     | Killed a two-headed ogre
 10505 | D:10     | Found a burning altar of Makhleb.
 10879 | D:10     | Reached skill level 5 in Dodging
 11042 | Lair:1   | Entered Level 1 of the Lair of Beasts
 11060 | Lair:1   | Reached XP level 12. HP: 71/91 MP: 0/0
 11174 | Lair:1   | Found a gate leading to a gauntlet.
 11182 | Gauntlet | Entered a Gauntlet
 11182 | Gauntlet | Found a transporter.
 11182 | Gauntlet | Found a transporter.
 11212 | Gauntlet | Found a transporter.
 11216 | Gauntlet | Found a transporter.
 11222 | Gauntlet | Noticed a catoblepas
 11224 | Gauntlet | Found a transporter.
 11228 | Gauntlet | Found a transporter.
 11235 | Gauntlet | Found a runed translucent door.
 11237 | Gauntlet | Found a transporter.
 11238 | Gauntlet | Noticed a death scarab
 11243 | Gauntlet | Noticed a death scarab
 11254 | Gauntlet | Noticed a ghost crab
 11258 | Gauntlet | Found a transporter.
 11275 | Gauntlet | Found a transporter.
 11279 | Gauntlet | Found a transporter.
 11281 | Gauntlet | Found a runed translucent door.
 11283 | Gauntlet | Found a runed translucent door.
 11284 | Gauntlet | Noticed a death scarab
 11287 | Gauntlet | Found a transporter.
 11291 | Gauntlet | Found a transporter.
 11292 | Gauntlet | Found the brooch of Shielding {Spirit SH+8}
 11365 | Gauntlet | Gained mutation: You possess an exceptional clarity of
                  | mind. [potion of mutation]
 11365 | Gauntlet | Gained mutation: You are somewhat resistant to further
                  | mutation. [potion of mutation]
 11407 | Gauntlet | Identified the ring "Wouprokega" {rElec rF++ Will- Dex+6
                  | Stlth+}
 11599 | Gauntlet | Noticed a minotaur
 11612 | Gauntlet | Killed a minotaur
 11613 | Gauntlet | Reached skill level 1 in Evocations
 12913 | Lair:2   | Reached skill level 9 in Alchemy
 13153 | Lair:2   | Reached skill level 5 in Evocations
 13154 | Lair:2   | HP: 2/91 [komodo dragon (30)]
 13583 | Lair:2   | Reached XP level 13. HP: 67/96 MP: 0/0
 13583 | Lair:2   | Learned a level 5 spell: Summon Forest
 14020 | Lair:3   | Noticed Kirke
 14028 | Lair:3   | Killed Kirke
 14215 | Lair:3   | Noticed a catoblepas
 14628 | Lair:3   | Noticed Amaemon
 14642 | Lair:3   | Killed Amaemon
 14647 | Lair:3   | Reached skill level 10 in Dodging
 14685 | Lair:2   | Reached skill level 1 in Maces & Flails
 15040 | Lair:2   | Killed a catoblepas
 15040 | Lair:2   | Reached ****** piety under Lugonu
 15041 | Lair:2   | Reached skill level 10 in Spellcasting
 15041 | Lair:2   | Reached skill level 10 in Conjurations
 15041 | Lair:2   | Reached skill level 10 in Hexes
 15041 | Lair:2   | Reached skill level 10 in Summonings
 15041 | Lair:2   | Reached skill level 10 in Necromancy
 15041 | Lair:2   | Reached skill level 10 in Translocations
 15041 | Lair:2   | Reached skill level 10 in Transmutations
 15041 | Lair:2   | Reached skill level 10 in Fire Magic
 15041 | Lair:2   | Reached skill level 10 in Ice Magic
 15041 | Lair:2   | Reached skill level 10 in Air Magic
 15041 | Lair:2   | Reached skill level 10 in Earth Magic
 15041 | Lair:2   | Reached skill level 10 in Alchemy
 15372 | Lair:3   | You are sucked into a shaft and drop 1 floor!
 15404 | Lair:4   | Noticed a catoblepas
 15438 | Lair:3   | Found a staircase to the Shoals.
 15457 | Lair:3   | Reached skill level 5 in Maces & Flails
 15457 | Lair:3   | Reached XP level 14. HP: 30/103 MP: 0/0
 16041 | Lair:3   | Found a staircase to the Snake Pit.
 16047 | Lair:3   | Noticed Fannar
 16055 | Lair:3   | Killed Fannar
 17953 | Lair:5   | Entered Level 5 of the Lair of Beasts
 18426 | Lair:5   | Found a viscous altar of Jiyva.
 18426 | Lair:5   | Found a staircase to the Slime Pits.
 18756 | Lair:5   | Reached skill level 10 in Maces & Flails
 19491 | Lair:5   | Reached XP level 15. HP: 107/107 MP: 0/0
 19491 | Lair:5   | Learned a level 6 spell: Conjure Ball Lightning
 19520 | Lair:5   | Identified the amulet "Ixenk" {Acrobat Str+3}
 20580 | D:11     | Noticed Sonja
 20584 | D:11     | Killed Sonja
 20606 | D:11     | Noticed Urug
 20617 | D:11     | Killed Urug
 20734 | D:11     | Noticed Lodul
 20911 | D:11     | Killed Lodul
 21064 | D:11     | Upgraded the game from 0.31-a0-1042-ga9834b393d to
                  | 0.31-a0-1074-g0b22e4e0f1
 21388 | D:11     | Found a runed translucent door.
 21388 | D:11     | Noticed BigAl98's ghost (journeyman TrSh)
 22293 | D:12     | Found a staircase to the Orcish Mines.
 22715 | D:13     | Found a gate to the Vaults.
 22733 | D:13     | Killed a ghost moth
 24007 | D:14     | Noticed Frances
 24391 | D:14     | Found Gielyvo's Antique Armour Boutique.
 24576 | D:14     | Noticed Rupert
 24632 | D:14     | Killed Rupert
 24859 | D:14     | Noticed Roxanne
 24883 | D:13     | Reached skill level 11 in Alchemy
 24889 | D:13     | Reached XP level 16. HP: 56/118 MP: 0/0
 25140 | D:14     | Killed Frances
 25794 | D:14     | Found an iron altar of Okawaru.
 26028 | D:14     | Killed Roxanne
 26160 | Orc:1    | Entered Level 1 of the Orcish Mines
 26362 | Orc:1    | Found a runed translucent gate.
 26362 | Orc:1    | Found a runed translucent gate.
 26399 | Orc:1    | Found a runed translucent gate.
 26401 | Orc:1    | Found an opulent altar of Gozag.
 26413 | Orc:1    | Found Vopratuy's Assorted Antiques.
 26413 | Orc:1    | Found Xats's Assorted Antiques.
 26413 | Orc:1    | Noticed Roekuen's ghost (journeyman DsGl)
 26457 | Orc:1    | Killed Roekuen's ghost
 26605 | Orc:1    | Bought an ancient ivory ring for 175 gold pieces
 26605 | Orc:1    | Identified the ring of the Messenger {Ice Contam Fly rCorr
                  | Str+7} (You bought it in a shop on level 1 of the Orcish
                  | Mines)
 26612 | Orc:1    | Bought 2 potions of heal wounds for 250 gold pieces
 26675 | Orc:2    | Entered Level 2 of the Orcish Mines
 27494 | Orc:2    | Found Roikih's Book Shop.
 27498 | Orc:1    | Noticed Jorgrun
 28510 | Orc:1    | Killed Jorgrun
 28767 | Orc:2    | Found a staircase to the Elven Halls.
 28899 | Orc:2    | Found Forumman's Book Emporium.
 28899 | Orc:2    | Found Zasid's Armour Emporium.
 28900 | Orc:2    | Found Wuap's Jewellery Shoppe.
 28903 | Orc:2    | Found Zotta's General Store.
 28918 | Orc:2    | Bought a scroll of acquirement for 832 gold pieces
 28920 | Orc:2    | Bought the +3 warlock's mirror {omnireflect} for 640 gold
                  | pieces
 28920 | Orc:2    | Bought the +5 Storm Queen's Shield {shock, Fly rElec} for
                  | 729 gold pieces
 28920 | Orc:2    | Found the +5 Storm Queen's Shield {shock, Fly rElec}
 28920 | Orc:2    | Found the +3 warlock's mirror {omnireflect}
 28968 | Orc:2    | Acquired the staff "Ynuotrir" {rElec Str+2 Int+4 Air}
 29260 | D:15     | Entered Level 15 of the Dungeon
 29279 | D:15     | Reached skill level 1 in Shields
 29561 | D:15     | HP: 6/121 [spore (15)]
 30329 | D:15     | Found a staircase to the Depths.
 30332 | D:15     | Reached skill level 5 in Shields
 30504 | D:15     | Found a basalt altar of Yredelemnul.
 30904 | D:15     | Found a runed translucent door.
 30904 | D:15     | Noticed BigAl98's ghost (journeyman TrSh)
 31193 | D:15     | Reached XP level 17. HP: 122/126 MP: 0/0
 31193 | D:15     | Learned a level 7 spell: Haunt
 31937 | Snake:1  | Entered Level 1 of the Snake Pit
 34629 | Snake:2  | Reached skill level 10 in Shields
 37520 | Snake:3  | Identified the serpent talisman "Iroalaj" {rPois rCorr
                  | Str-4 Int+4}
 37520 | Snake:3  | Noticed Aizul
 37525 | Snake:3  | Killed Aizul
 37614 | Snake:3  | Reached skill level 12 in Alchemy
 38111 | Snake:3  | Reached skill level 15 in Transmutations
 38111 | Snake:3  | Reached skill level 16 in Alchemy
 38111 | Snake:3  | Upgraded the game from 0.31-a0-1074-g0b22e4e0f1 to
                  | 0.31-a0-1388-g4b2ba238e7
 38111 | Snake:3  | Upgraded the game from 0.31-a0-1388-g4b2ba238e7 to
                  | 0.31-a0-1405-g2bb1a01664
 38170 | Snake:4  | Entered Level 4 of the Snake Pit
 38692 | Snake:3  | Upgraded the game from 0.31-a0-1405-g2bb1a01664 to
                  | 0.31-a0-1529-g7bd419a0e5
 38794 | Snake:4  | Reached XP level 18. HP: 111/133 MP: 0/0
 39252 | Snake:4  | Reached skill level 17 in Alchemy
 40333 | Snake:3  | Upgraded the game from 0.31-a0-1529-g7bd419a0e5 to
                  | 0.32-a0-42-ga30500b4d3
 40333 | Snake:3  | Quit the game

Illustrated notes

Levels and vault maps discovered:
D:1:      psy_arrival_fountain, layout_rooms, ebering_ecumenical_altar_mist,
          serial_forest, infiniplex_forest_clump_cross,
          infiniplex_forest_lined_4_way, infiniplex_forest_lined_3_way,
          infiniplex_forest_clump_C, infiniplex_forest_lined_4_way,
          infiniplex_forest_end_2, infiniplex_forest_clump_double,
          minmay_hexomino_c4
D:2:      layout_loops_ring
D:3:      layout_rooms, hangedman_feature_mirror
D:4:      layout_layer_cave, general_overflow_altar, enter_ossuary_4
D:5:      layout_rooms, corexii_leaking_fountain, kennysheep_generic_room_8
D:6:      layout_basic, minmay_temple_entry_antechambers
D:7:      layout_loops_corners
D:8:      layout_cave_pods, uniq_jeremiah, uniq_maurice
D:9:      layout_small_grid, minmay_lair_entry_grove, uniq_harold
D:10:     layout_rooms, lemuel_coloured_pillars_altar, serial_shops,
          nicolae_shop_hallway_plus, enter_bailey_5, feat_on_display
D:11:     minmay_chambers_of_sevens, layout_loops_ring,
          hellmonk_ghost_happy_afterlife, uniq_sonja, uniq_lodul, uniq_urug
D:12:     layout_cave_pools, erik_orc_1
D:13:     layout_roguey, david_vaults_2
D:14:     layout_cave_pools, hellmonk_okawaru_the_only_friend_you_need,
          serial_shops, nicolae_shop_tiny_waterfront, uniq_frances,
          uniq_roxanne, uniq_rupert
D:15:     gammafunk_depths_entry_grave, layout_small_grid, old_standard_altar,
          gammafunk_ghost_grave
Temple:   mainiacjoe_temple_cubbyholes
Lair:1:   layout_hall_layers, portal_ice_cave_demonic_guard,
          gauntlet_entry_generic, nicolae_lair_grove_arrangements,
          grunt_megastairs_4
Lair:2:   layout_chaotic_city, grunt_megastairs_3
Lair:3:   layout_misc_corridors, minmay_shoals_entry_beasts,
          minmay_snake_entry_six_corridors, uniq_amaemon, uniq_kirke,
          uniq_fannar
Lair:4:   layout_roguey, lookout_lair_type, grunt_forest_small_clearing_treed,
          lemuel_fruit_fields, infiniplex_staircase_pool
Lair:5:   minmay_lair_end_frog_pond, layout_regular_city,
          nicolae_slime_entry_field_trip, serial_rivers,
          chequers_serial_rivers_small_a, chequers_serial_rivers_room_a,
          chequers_serial_rivers_large_a, chequers_serial_rivers_micro_d,
          chequers_serial_rivers_small_a, chequers_serial_rivers_small_a,
          dpeg_oklob_1, serial_bayou_shore_b
Snake:1:  layout_chambers
Snake:2:  layout_chambers
Snake:3:  layout_grid_maze, uniq_aizul
Snake:4:  johnstein_snake_rune_scales, layout_chambers, grunt_megastairs_1
Orc:1:    layout_caves, ebering_ghost_gozag, uniq_jorgrun
Orc:2:    st_orc_mages, layout_caves, serial_shops, nicolae_book_shop_shelving

Skill      XL: |  1  2  3  4  5  6  7  8  9 10 11 12 13 14 15 16 17 18 |
---------------+-------------------------------------------------------+-----
Fighting       | 1 2 3 4 6 7 9 10 11 13 14 | 14.7
Invocations    | 1 2 3 4 5 7 9 10 | 10.0
Spellcasting   | 4 5 6 7 8 9 10 11 12 | 12.9
Conjurations   | 4 5 6 7 8 9 10 11 12 | 12.9
Hexes          | 4 5 6 7 8 9 10 11 12 | 12.9
Summonings     | 4 5 6 7 8 9 10 11 12 | 12.9
Necromancy     | 4 5 6 7 8 9 10 11 12 | 12.9
Translocations | 4 5 6 7 8 9 10 11 12 | 12.9
Transmutations | 4 5 6 7 8 9 10 11 15 |  0.0
Fire Magic     | 4 5 6 7 8 9 10 11 12 | 12.9
Ice Magic      | 4 5 6 7 8 9 10 11 12 | 12.9
Air Magic      | 4 5 6 7 8 9 10 11 12 | 12.9
Earth Magic    | 4 5 6 7 8 9 10 11 12 | 12.9
Alchemy        | 4 5 6 7 8 9 10 11 16 17 | 17.3
Staves         | 3 4 |  4.1
Dodging        | 5 8 10 | 10.0
Evocations     | 5 7 |  7.0
Maces & Flails | 5 10 11 | 11.7
Shields        | 6 12 | 12.0
Stealth        | |  1.5

Action                     |  1- 3 |  4- 6 |  7- 9 | 10-12 | 13-15 | 16-18 || total
---------------------------+-------+-------+-------+-------+-------+-------++-------
  Melee: Unarmed           |     1 |       |       |       |       |       ||     1
         Staff             |       |   101 |   121 |   102 |    20 |   164 ||   508
         Demon whip        |       |       |       |       |   300 |   256 ||   556
  Throw: Dart              |       |       |       |     2 |       |       ||     2
   Cast: Necrotise         |    55 |    81 |    36 |     2 |       |       ||   174
         Vampiric Draining |       |     3 |    50 |   174 |   213 |       ||   440
         Jinxbite          |       |     5 |    10 |     2 |     1 |     3 ||    21
         Hailstorm         |       |       |    52 |    43 |     7 |       ||   102
         Gell's Gravitas   |       |       |     7 |    47 |     8 |    18 ||    80
         Agonizing Touch   |       |       |     1 |       |       |       ||     1
         Animate Dead      |       |       |       |    11 |       |       ||    11
         Vhi's Electric Ch |       |       |       |    11 |     3 |     2 ||    16
         Summon Forest     |       |       |       |       |    72 |    42 ||   114
         Sting             |       |       |       |       |     3 |       ||     3
         Conjure Ball Ligh |       |       |       |       |       |   110 ||   110
         Haunt             |       |       |       |       |       |    24 ||    24
 Invoke: Banish            |       |       |       |       |     2 |       ||     2
  Evoke: Wand              |       |       |       |    16 |    37 |     1 ||    54
         Lightning rod     |       |       |       |       |     4 |       ||     4
         Phial of floods   |       |       |       |       |     1 |       ||     1
    Use: Scroll            |     1 |     6 |     8 |    11 |    15 |     2 ||    43
         Potion            |       |       |       |     8 |     3 |     1 ||    12
   Stab: Invisible         |       |       |       |     2 |       |       ||     2
         Distracted        |       |       |       |       |     7 |     5 ||    12
         Sleeping          |       |       |       |       |     1 |       ||     1
 Armour: Robe              |     3 |    70 |   111 |   177 |   287 |   270 ||   918
  Dodge: Dodged            |     9 |    57 |   116 |   139 |   289 |   176 ||   786
         Repelled          |       |       |     3 |     1 |    11 |    14 ||    29
  Block: Buckler           |     2 |    51 |    81 |   141 |   424 |   337 ||  1036
         Reflection        |       |       |       |       |       |    35 ||    35

Table legend: (Time is in decaauts)
 A = Elapsed time spent in this place.
 B = Non-inter-level travel time spent in this place.
 C = Inter-level travel time spent in this place.
 D = Time resting spent in this place.
 E = Time spent auto-exploring this place.
 F = Levels seen in this place.
 G = Mean time per level.
                   A        B        C        D        E       F      G
               +--------+--------+--------+--------+--------+-----+--------+
         Total |  40162 |  38567 |   1595 |  15130 |  17081 |  30 | 1338.7 |
       Dungeon |  17960 |  17160 |    800 |   4914 |   9644 |  15 | 1197.3 |
        Temple |    200 |    200 |      0 |    199 |      0 |   1 |  200.0 |
          Lair |   9059 |   8601 |    458 |   3359 |   3786 |   5 | 1811.8 |
     Snake Pit |   8360 |   8087 |    273 |   4288 |   2765 |   4 | 2090.0 |
  Orcish Mines |   2941 |   2879 |     62 |   1532 |    765 |   2 | 1470.5 |
       Ossuary |    575 |    575 |      0 |    281 |      0 |   1 |  575.0 |
        Bailey |    568 |    568 |      0 |    344 |      0 |   1 |  568.0 |
      Gauntlet |    497 |    497 |      0 |    213 |    121 |   1 |  497.0 |
               +--------+--------+--------+--------+--------+-----+--------+

Top non-repeatable levels by time:
 Snake:3: 2900 daAuts
  Lair:2: 2476 daAuts
 Snake:2: 2296 daAuts
  Lair:5: 2239 daAuts
 Snake:1: 2052 daAuts
    D:15: 2017 daAuts
    D:13: 1859 daAuts
    D:14: 1819 daAuts
     D:9: 1659 daAuts
   Orc:2: 1628 daAuts
  Lair:3: 1525 daAuts
  Lair:4: 1464 daAuts
  Lair:1: 1352 daAuts
     D:4: 1344 daAuts
   Orc:1: 1313 daAuts
